 Dungeon Crawl Stone Soup version 0.30-a0-777-ga9a30cbeda (console) character file.

Game seed: 12589009138707192859

9 rlgrobin the Trooper (level 2, -1/24 HPs)
             Began as a Mummy Monk on Feb 14, 2023.
             Slain by a crimson imp (3 damage)
             ... summoned by Natasha
             ... on level 2 of the Dungeon.
             The game lasted 00:00:43 (190 turns).

rlgrobin the Trooper (Mummy Monk)                    Turns: 190, Time: 00:00:44

Health: -1/24      AC:  2    Str: 14    XL:     2   Next: 3%
Magic:  2/2        EV: 12    Int:  9    God:
Gold:   14         SH:  0    Dex: 14    Spells: 1/1 levels left

rFire   x . .      SeeInvis .      - Unarmed
rCold   + . .      Faith    +    (no shield)
rNeg    + + +      Spirit   .    a - +0 robe
rPois   ∞          Reflect  .    (no helmet)
rElec   .          Harm     .    (no cloak)
rCorr   .          Rampage  .    (no gloves)
Will    .....                    (no boots)
Stlth   ++                       (no amulet)
HPRegen 0.24/turn                (no ring)
MPRegen 0.08/turn                (no ring)

@: no status effects
A: cold resistance 1, negative energy resistance 3, torment resistance 2, heat
vulnerability 1, no potions, faith
a: no special abilities


You were on level 2 of the Dungeon.
You visited 1 branch of the dungeon, and saw 2 of its levels.

You collected 14 gold pieces.

Inventory:

Armour
 a - a +0 robe (worn)
Scrolls
 b - a scroll of identify {unknown}


   Skills:
 - Level 3.0 Fighting
 - Level 2.4 Dodging
 - Level 1.5 Stealth
 + Level 3.0 Unarmed Combat


You had one spell level left.
You didn't know any spells.
Your spell library was empty.

Dungeon Overview and Level Annotations

Branches:
Dungeon (1/15)

Altars:

Annotations:
D:2 Jessica, Natasha


Innate Abilities, Weirdness & Mutations

You are immune to poison.
Your flesh is cold resistant. (rC+)
You are immune to negative energy. (rN+++)
You are immune to unholy pain and torment.
You are vulnerable to heat. (rF-)
You do not drink.
You have a special connection with the divine. (Faith)


Message History

Natasha is lightly wounded.
Jessica closely misses you.
Natasha mumbles some strange words.
You closely miss Natasha.
Natasha is lightly wounded.
Jessica hits you with a +0 dagger.
Natasha howls an incantation.
You feel disoriented. Natasha claws you but does no damage.
You hit Natasha.
Natasha is moderately wounded.
The crimson imp hits you but does no damage.
Jessica closely misses you. Natasha claws you!
You hit Natasha but do no damage.
Natasha is moderately wounded.
The crimson imp misses you. The crimson imp closely misses you.
Jessica hits you with a +0 dagger. Natasha closely misses you.
You hit Natasha.
Natasha is heavily wounded.
The crimson imp barely misses you. The crimson imp hits you.
* * * LOW HITPOINT WARNING * * *
Jessica hits you with a +0 dagger.
* * * LOW HITPOINT WARNING * * *
Natasha stares at you and mumbles some strange words.
You resist with significant effort.
You hit Natasha.
Natasha is severely wounded.
The crimson imp picks up a beetle and eats it.
The crimson imp closely misses you. The crimson imp hits you.
* * * LOW HITPOINT WARNING * * *
Jessica mumbles some strange words.
Jessica blinks!
Natasha casts a spell at you. You resist with significant effort.
You barely miss Natasha. You punch Natasha, but do no damage.
Natasha is severely wounded.
The crimson imp blinks!
The crimson imp hits you.
* * * LOW HITPOINT WARNING * * *
The crimson imp hits you.
You die...

#######
.########.....#
..8..♣.....∩#.#
............#.#
^...........#.#
..8..∩..∩..∩#.#
...........5#.##
...........§@..#
..∩(.......h5..#
h..............#
.........@...###
..♣..∩.......#
..§..........#
..?......5...#
.....∩..8...##
.#####.<.####


You could see Natasha, 3 crimson imps and Jessica.

Vanquished Creatures
  2 ball pythons (D:1)
  A bat (D:1)
  An endoplasm (D:1)
  A hobgoblin (D:1)
  A kobold (D:1)
  2 rats (D:1)
8 creatures vanquished.

Notes
Turn   | Place    | Note
-------+----------+-------------------------------------------
     0 | D:1      | rlgrobin the Mummy Monk began the quest for the Orb.
     0 | D:1      | Reached XP level 1. HP: 18/18 MP: 1/1
   155 | D:1      | Reached XP level 2. HP: 24/24 MP: 2/2
   155 | D:1      | You fall into a shaft and drop 1 floor!
   158 | D:2      | Found a faded altar of an unknown god.
   166 | D:2      | Noticed Natasha
   166 | D:2      | Noticed Jessica
   181 | D:2      | Noticed a crimson imp
   182 | D:2      | Noticed a crimson imp
   185 | D:2      | Noticed a crimson imp
   190 | D:2      | Slain by a crimson imp

Illustrated notes

Levels and vault maps discovered:
D:1:      dpeg_arrival_rooms_b, layout_basic, minmay_tromino_v4_b
D:2:      layout_basic, hellmonk_ecumenical_altar_arch_garden, uniq_natasha,
          uniq_jessica

Skill      XL: |  1 |
---------------+----+-----
Unarmed Combat | 3 |  3.0
Fighting       | |  3.0
Dodging        | |  2.4
Stealth        | |  1.5

Action                     || total
---------------------------++-------
  Melee: Unarmed           ||    42
         Punch             ||     1
 Armour: Robe              ||     7
  Dodge: Dodged            ||    29

Table legend: (Time is in decaauts)
 A = Elapsed time spent in this place.
 B = Non-inter-level travel time spent in this place.
 C = Inter-level travel time spent in this place.
 D = Time resting spent in this place.
 E = Time spent auto-exploring this place.
 F = Levels seen in this place.
 G = Mean time per level.
                   A        B        C        D        E       F      G
               +--------+--------+--------+--------+--------+-----+--------+
         Total |    187 |    187 |      0 |     19 |     82 |   2 |   93.5 |
       Dungeon |    187 |    187 |      0 |     19 |     82 |   2 |   93.5 |
               +--------+--------+--------+--------+--------+-----+--------+

Top non-repeatable levels by time:
     D:1: 153 daAuts
     D:2: 34 daAuts
